 Dungeon Crawl Stone Soup version 0.31.0-9-g3a7656b989 (webtiles) character file.

Game seed: 4893579751177792634

23 qw the Shooter (level 2, 0/16 HPs)
             Began as a Deep Elf Hunter on Feb 2, 2024.
             Frozen to death by an endoplasm (5 damage)
             ... on level 1 of the Dungeon.
             The game lasted 00:00:01 (290 turns).

qw the Shooter (Deep Elf Hunter)                     Turns: 290, Time: 00:00:01

Health: 0/16       AC:  3    Str:  8    XL:     2   Next: 72%
Magic:  4/4        EV: 12    Int: 13    God:
Gold:   20         SH:  0    Dex: 18    Spells: 1/1 levels left

rFire   . . .        e - +0 orcbow
rCold   . . .        (shield currently unavailable)
rNeg    . . .        c - +0 leather armour
rPois   .            (no helmet)
rElec   .            (no cloak)
rCorr   .            (no gloves)
SInv    .            (no boots)
Will    .....        (no amulet)
Stlth   ++           (no ring)
HPRegen 0.22/turn    (no ring)
MPRegen 0.09/turn

%: no passive effects
@: no status effects
A: no striking features
a: no special abilities


You were on level 1 of the Dungeon.
You visited 1 branch of the dungeon, and saw 1 of its levels.

You collected 20 gold pieces.


   Skills:
 - Level 1.5 Fighting
 + Level 6.4 Ranged Weapons
 - Level 2.4 Dodging
 - Level 1.2 Stealth


You had one spell level left.
You didn't know any spells.
Your spell library was empty.

Inventory:

Hand Weapons
 e - a +0 orcbow (weapon)
Armour
 c - a +0 leather armour (worn)
Jewellery
 a - a ring of positive energy
Scrolls
 b - a scroll of butterflies
 d - a scroll of fear {unknown}

Dungeon Overview and Level Annotations

Branches:
Dungeon (1/15)

Altars:


Message History

You now have 20 gold pieces (gained 8).
An endoplasm comes into view.
You shoot an arrow. The arrow hits the endoplasm.
The endoplasm quivers.
The endoplasm is lightly wounded.
A bat comes into view.
A goblin comes into view. It is wielding a +0 dagger.
A kobold comes into view. It is wielding a +0 short sword.
You shoot an arrow. The goblin shouts!
The arrow hits the goblin.
You kill the goblin!
The bat hits you but does no damage.
You shoot an arrow.
The arrow hits the kobold but does no damage.
The kobold barely misses you.
You shoot an arrow. The arrow barely misses the kobold.
The arrow barely misses the bat.
The kobold hits you with a +0 short sword.
You shoot an arrow. The arrow hits the kobold.
The kobold is heavily wounded.
The kobold hits you with a +0 short sword.
You shoot an arrow. The arrow hits the kobold!
You kill the kobold!
The bat barely misses you.
A giant cockroach comes into view.
The endoplasm hits you.
You shoot an arrow.
The arrow hits the giant cockroach but does no damage.
The giant cockroach barely misses you. The endoplasm barely misses you.
You shoot an arrow.
The arrow hits the giant cockroach but does no damage.
The giant cockroach barely misses you. The endoplasm freezes you.
You are frozen.
The giant cockroach bites you.
You shoot an arrow.
The arrow hits the giant cockroach but does no damage.
The endoplasm freezes you.
You are frozen.
You die...

# #..........# #
#...####.#### #
#...........# #
#.....[.....###
#
#.[...........#
#
#.............#
#
#.............#
#
#.........B...#
#
#########@##....
# #J# ...#. .b.
.#.. .#... ..
#...... . ......
.# #.....# #.
#.###.#


You could see an endoplasm, a giant cockroach and a bat.

Vanquished Creatures
  3 bats (D:1)
  2 endoplasms (D:1)
  3 goblins (D:1)
  A hobgoblin (D:1)
  4 jackals (D:1)
  2 ball pythons (D:1)
  A frilled lizard (D:1)
  3 kobolds (D:1)
  A rat (D:1)
20 creatures vanquished.

Notes
Turn   | Place    | Note
-------+----------+-------------------------------------------
     0 | D:1      | qw the Deep Elf Hunter began the quest for the Orb.
     0 | D:1      | Reached XP level 1. HP: 12/12 MP: 3/3
     0 | D:1      | 0 ||| qw: Version: 0.3-a-155-g5e7d8dd
     0 | D:1      | 0 ||| qw: Game counter: 941
     0 | D:1      | 0 ||| qw: Melee chars always use a shield: true
     0 | D:1      | 0 ||| qw: God list: Okawaru
     0 | D:1      | 0 ||| qw: Allow faded altars: false
     0 | D:1      | 0 ||| qw: Do Orc after clearing Dungeon:15 true
     0 | D:1      | 0 ||| qw: Do second Lair branch before Depths: true
     0 | D:1      | 0 ||| qw: Lair rune preference: random
     0 | D:1      | 0 ||| qw: Goals: Normal
     0 | D:1      | 0 ||| PLANNING D:1-11
    85 | D:1      | 85 ||| SWAPPING to +0 orcbow.
    93 | D:1      | Reached skill level 6 in Ranged Weapons
    93 | D:1      | Reached XP level 2. HP: 8/16 MP: 4/4
   140 | D:1      | 140 ||| DROPPING +0 shortbow.
   243 | D:1      | Found a faded altar of an unknown god.
   289 | D:1      | HP: 4/16 [giant cockroach (1)]
   290 | D:1      | Frozen to death by an endoplasm

Levels and vault maps discovered:
D:1:      mainiacjoe_arrival_reflecting_pool, layout_basic,
          shapermc_ecumenical_altar_petra

Skill      XL: |  1 |
---------------+----+-----
Ranged Weapons | 6 |  6.4
Fighting       | |  1.5
Dodging        | |  2.4
Stealth        | |  1.2

Action                     || total
---------------------------++-------
   Fire: Shortbow          ||    11
         Orcbow            ||    34
 Armour: Leather armour    ||    13
  Dodge: Dodged            ||    25

Table legend:
 A = Non-vault XP
 B = Vault XP
 C = Vault XP percentage of total XP
 D = Non-vault monster count
 E = Vault monster count
 F = Vault count percentage of total count
                 A         B        C        D         E       F
            +---------+---------+-------+---------+---------+-------
      Total |      33 |       0 |   0.0 |      20 |       0 |   0.0
            +---------+---------+-------+---------+---------+-------
        D:1 |      33 |       0 |   0.0 |      20 |       0 |   0.0
            +---------+---------+-------+---------+---------+-------
